 Dungeon Crawl Stone Soup version 0.28-a0-684-g30a9fa1a03 (webtiles) character file.

Game seed: 6511530784203808621

8945 BlueGoblin the Acrobat (level 11, -5/51 HPs)
             Began as a Spriggan Monk on Oct 19, 2021.
             Was a Priest of Fedhas.
             Killed from afar by an electric eel (6 damage)
             ... with a bolt of electricity
             ... on level 1 of the Lair of Beasts.
             The game lasted 00:36:17 (17900 turns).

BlueGoblin the Acrobat (Spriggan Monk)             Turns: 17900, Time: 00:36:18

Health: -5/51      AC:  3    Str:  7    XL:     11   Next: 16%
Magic:  12/12      EV: 50    Int: 11    God:    Fedhas [***...]
Gold:   460        SH:  0    Dex: 28    Spells: 10/10 levels left

rFire   . . .      SeeInvis +   a - +2 dagger (venom)
rCold   . . .      Faith    .   (shield restricted)
rNeg    . . .      Spirit   .   G - +1 robe
rPois   .          Reflect  .   (helmet restricted)
rElec   .          Harm     .   (no cloak)
rCorr   .          Rampage  .   (gloves unavailable)
Will    +....                   (boots unavailable)
Stlth   +++.......              (no amulet)
HPRegen 0.17/turn               j - +4 ring of evasion
MPRegen 0.13/turn               p - +6 ring of dexterity

@: very quick
A: very small, no large weapons, unfitting armour, see invisible, speed 3
a: Renounce Religion, Wall of Briars, Grow Ballistomycete


You were on level 1 of the Lair of Beasts.
You worshipped Fedhas.
Fedhas was most pleased with you.
You visited 3 branches of the dungeon, and saw 12 of its levels.

You collected 460 gold pieces.

Inventory:

Hand Weapons
 a - a +2 dagger of venom (weapon)
 b - the +0 rapier "Xaomid" {vorpal, +Blink Fly Will- Dex+9}
   (You found it on level 4 of the Dungeon)

   It inflicts extra damage upon your enemies.
   Dex:       It affects your dexterity (+9).
   Fly:       It grants you flight.
   +Blink:    It lets you blink.
   Will:      It decreases your willpower.
 r - a +5 dagger
 s - a +3 vampiric dagger
 I - a +1 dagger of flaming
Missiles
 c - 219 stones
 k - 3 atropa-tipped darts (quivered)
 q - 96 sling bullets
 y - 34 poisoned darts
 A - 100 bolts
 B - 4 datura-tipped darts
 H - 4 throwing nets
Armour
 E - a +0 cloak
 G - a +1 robe (worn)
Jewellery
 j - a +4 ring of evasion (left hand)
 p - a +6 ring of dexterity (right hand)
 C - a ring of magical power
 J - a ring of wizardry
Wands
 u - a wand of polymorph (5)
 D - a wand of acid (7)
 F - a wand of charming (8)
Scrolls
 l - 7 scrolls of teleportation
 m - 5 scrolls of magic mapping
 o - 3 scrolls of enchant armour
 t - 3 scrolls of identify
 v - 2 scrolls of blinking
 x - a scroll of fog
Potions
 d - 2 potions of might
 e - 3 potions of berserk rage
 f - 2 potions of brilliance
 g - 8 potions of curing
 h - 2 potions of flight
 i - a potion of haste
 n - 3 potions of heal wounds
 z - a potion of ambrosia {unknown}


   Skills:
 - Level 2.4 Fighting
 - Level 3.2 Short Blades
 + Level 21.8 Dodging
 - Level 3.0 Stealth


You had 10 spell levels left.
You didn't know any spells.
Your spell library contained the following spells:

 Spells                   Type           Power      Damage    Failure   Level
 Slow                     Hex            0%         N/A       47%         2
 Confusing Touch          Hex            0%         N/A       71%         3
 Vampiric Draining        Necr           0%         2d6       71%         3


Dungeon Overview and Level Annotations

Branches:
Dungeon (9/15)             Temple (1/1) D:4            Lair (2/6) D:9
    Orc (0/2) D:9
  Swamp: Lair:2-4    Shoals: Lair:2-4     Snake: Lair:2-4    Spider: Lair:2-4

Altars:
Ashenzari
Cheibriados
Dithmenos
Elyvilon
Fedhas
Gozag
Hepliaklqana
Kikubaaqudgha
Makhleb
Nemelex Xobeh
Okawaru
Qazlal
Ru
Sif Muna
Trog
Uskayaw
Vehumet
Wu Jian
Xom
Yredelemnul
Zin
The Shining One
Beogh

Shops:
D:1 *

Annotations:
D:6 2 transporters


Innate Abilities, Weirdness & Mutations

You are very small and have problems with some larger weapons.
You are too small for most types of armour.
You have supernaturally acute eyesight. (SInv)
You cover ground extremely quickly. (Speed+++)


Message History

The bolt of electricity hits you!
The komodo dragon completely misses you.
You hit the komodo dragon but do no damage.
The komodo dragon is lightly wounded.
A bullfrog comes into view.
The komodo dragon misses you.
A bullfrog comes into view.
The bullfrog croaks.
The bullfrog gives a loud, deep croak!
The komodo dragon completely misses you.
You float gracefully downwards.
Your +2 dagger of venom begins to drip with poison!
a - a +2 dagger of venom (weapon)
You hit the komodo dragon.
The komodo dragon is lightly wounded.
The komodo dragon closely misses you.
You hit the komodo dragon but do no damage.
The komodo dragon is poisoned.
The komodo dragon is lightly wounded.
The komodo dragon completely misses you.
You barely miss the komodo dragon.
The komodo dragon is lightly wounded.
The komodo dragon completely misses you.
You hit the komodo dragon but do no damage.
The komodo dragon is lightly wounded.
The komodo dragon completely misses you.
You closely miss the komodo dragon.
The komodo dragon is lightly wounded.
The komodo dragon completely misses you.
You hit the komodo dragon but do no damage.
The komodo dragon is lightly wounded.
You hit the komodo dragon.
The komodo dragon looks as sick as possible!
The komodo dragon is lightly wounded.
The komodo dragon bites you!!
Ouch! That really hurt!
* * * LOW HITPOINT WARNING * * *
The electric eel shoots out a bolt of lightning at you!
The bolt of electricity hits you.
You die...
Fedhas appreciates your contribution to the ecosystem.

.≈................#.#
.≈≈.>.≈...........#..#
≈≈≈≈≈≈≈?.....##.....##
≈≈≈≈≈≈≈≈.....##.....#
≈F≈≈≈≈≈≈≈.#....###.##
≈≈≈≈≈≈≈≈≈......###.#
.≈≈≈≈≈≈≈.........#.
.≈.≈≈≈S...........#
.....F..##.@.....#
........##l##...##
......?.F.## ..##
........### ?#
......... # ...##.....
.#. ##.##.. # #. #.#
## ##


You could see a komodo dragon (extremely poisoned), a bullfrog and an electric
eel.

Vanquished Creatures
  A hydra (Lair:1)
  Harold (D:9)
  2 two-headed ogres
  A cane toad (Lair:1)
  A komodo dragon (Lair:1)
  2 yaks (D:9)
  A steam dragon (D:8)
  An ice beast (D:5)
  6 water moccasins
  A sky beast (D:7)
  8 black bears
  3 necrophages
  2 ogres
  4 orc warriors
  5 centaurs
  2 kobold brigands (D:9)
  5 bullfrogs
  2 gnoll sergeants (D:7)
  5 scorpions
  A wyvern zombie (D:9)
  2 wyvern skeletons
  4 killer bees (D:7)
  A water moccasin skeleton (D:4)
  4 wights (D:9)
  3 howler monkeys
  A jelly (D:6)
  3 centaur zombies
  3 centaur skeletons
  5 orc priests
  3 hounds
  A bullfrog skeleton (D:7)
  4 iguanas
  11 orc wizards
  A killer bee zombie (D:8)
  A hound skeleton (D:4)
  A howler monkey skeleton (D:5)
  6 gnolls
  6 adders
  A shadow imp (D:8)
  A white imp (D:5)
  An ufetubus (D:5)
  3 adder zombies (D:5)
  3 dart slugs
  34 orcs
  8 ball pythons
  6 endoplasms
  5 giant cockroaches
  3 goblins
  6 hobgoblins
  3 jackals (D:1)
  8 quokkas
  6 bats
  2 frilled lizards (D:3)
  12 kobolds
  8 rats
224 creatures vanquished.

Vanquished Creatures (collateral kills)
  A centaur (D:7)
  A killer bee zombie (D:7)
  2 gnolls (D:7)
  8 ballistomycete spores (D:9)
12 creatures vanquished.

Vanquished Creatures (others)
  An electric eel (Lair:1)
  3 ballistomycete spores
  55 fungi (D:9)
  52 plants
111 creatures vanquished.

Grand Total: 347 creatures vanquished

Notes
Turn   | Place    | Note
-------+----------+-------------------------------------------
     0 | D:1      | BlueGoblin the Spriggan Monk began the quest for the Orb.
     0 | D:1      | Reached XP level 1. HP: 11/11 MP: 2/2
   289 | D:1      | Reached XP level 2. HP: 16/16 MP: 3/3
   443 | D:1      | Reached skill level 5 in Dodging
  1268 | D:1      | Found Noimpyil's General Store.
  1556 | D:1      | Reached XP level 3. HP: 19/19 MP: 4/4
  1893 | D:2      | You fall into a shaft and drop 2 floors!
  1911 | D:3      | Reached skill level 6 in Dodging
  1927 | D:3      | Found a sacrificial altar of Ru.
  2493 | D:2      | Found a faded altar of an unknown god.
  2753 | D:2      | Reached XP level 4. HP: 7/23 MP: 5/5
  4591 | D:3      | Reached skill level 7 in Dodging
  5103 | D:3      | Found an ancient bone altar of Kikubaaqudgha.
  5103 | D:3      | Found a sparkling altar of Nemelex Xobeh.
  5382 | D:4      | Reached XP level 5. HP: 27/27 MP: 6/6
  5407 | D:4      | Reached skill level 8 in Dodging
  6051 | D:4      | Found a staircase to the Ecumenical Temple.
  6246 | Temple   | Entered the Ecumenical Temple
  6415 | Temple   | Became a worshipper of Fedhas Madash
  6415 | Temple   | Reached * piety under Fedhas
  6415 | Temple   | Reached ** piety under Fedhas
  6512 | D:5      | Entered Level 5 of the Dungeon
  6516 | D:5      | Found a radiant altar of Vehumet.
  6581 | D:5      | Noticed an ogre
  6588 | D:5      | Killed an ogre
  6589 | D:5      | Reached skill level 9 in Dodging
  6589 | D:5      | Reached XP level 6. HP: 32/32 MP: 7/7
  6796 | D:5      | Reached skill level 10 in Dodging
  7247 | D:5      | Noticed a water moccasin
  7286 | D:5      | Reached XP level 7. HP: 31/35 MP: 8/8
  7332 | D:5      | Reached skill level 11 in Dodging
  7679 | D:5      | Reached skill level 12 in Dodging
  7768 | D:5      | Reached XP level 8. HP: 21/39 MP: 9/9
  8008 | D:5      | Reached skill level 13 in Dodging
  8516 | D:6      | Found the +8 frozen axe "Frostbite" {freezing cloud, *Noise
                  | Fly rC+}
  8524 | D:6      | Noticed a kobold demonologist
  8530 | D:6      | Found a transporter.
  8531 | D:6      | Found a transporter.
  8667 | D:6      | Reached skill level 14 in Dodging
  8854 | D:6      | Found a snail-covered altar of Cheibriados.
  8854 | D:6      | Found a shimmering blue altar of Sif Muna.
  8970 | D:6      | Reached *** piety under Fedhas
  9200 | D:5      | Reached skill level 15 in Dodging
  9473 | D:6      | Reached XP level 9. HP: 43/43 MP: 10/10
 10043 | D:7      | Reached skill level 16 in Dodging
 10811 | D:7      | Reached skill level 17 in Dodging
 10852 | D:7      | Found a hazy altar of Hepliaklqana.
 10895 | D:7      | Noticed a two-headed ogre
 10936 | D:7      | Killed a two-headed ogre
 11132 | D:7      | Reached skill level 18 in Dodging
 11643 | D:8      | Reached XP level 10. HP: 27/47 MP: 11/11
 11645 | D:8      | Reached **** piety under Fedhas
 12759 | D:9      | Found a staircase to the Lair.
 12800 | D:9      | Reached skill level 19 in Dodging
 13094 | D:9      | Found a staircase to the Orcish Mines.
 14367 | D:9      | Reached skill level 20 in Dodging
 14889 | D:9      | Noticed Harold
 15032 | D:9      | Killed Harold
 15428 | D:9      | Noticed a two-headed ogre
 15524 | D:9      | Killed a two-headed ogre
 15525 | D:9      | Reached skill level 21 in Dodging
 15953 | D:4      | Identified the +0 rapier "Xaomid" {vorpal, +Blink Fly Will-
                  | Dex+9}
 16279 | Lair:1   | Entered Level 1 of the Lair of Beasts
 16282 | Lair:1   | Noticed a cane toad
 16868 | Lair:1   | Killed a cane toad
 16869 | Lair:1   | Reached XP level 11. HP: 45/51 MP: 12/12
 16997 | Lair:1   | Noticed a five-headed hydra
 17171 | Lair:1   | Killed a five-headed hydra
 17899 | Lair:1   | HP: 1/51 [komodo dragon (31)]
 17900 | Lair:1   | Killed from afar by an electric eel

Illustrated notes

Levels and vault maps discovered:
D:1:      roderic_octagonal_star, layout_basic, serial_shops, nicolae_shop_stone
D:2:      layout_basic, ebering_ecumenical_altar_abandoned,
          guppyfry_early_lair_pool
D:3:      layout_basic, nicolae_ru_awakened_eye,
          gammafunk_temple_overflow_statue, minmay_diced_spiral
D:4:      layout_cave_pools, temple_hall_moat
D:5:      layout_basic, lemuel_crystal_altar, minmay_joined_circles
D:6:      gammafunk_wand_slinger, layout_cave_pools,
          gammafunk_temple_overflow_pools
D:7:      layout_cave_pools, nicolae_overflow_crystal_walls, st_stairs_8,
          minmay_crystal_room, amcnicky_mini_corridor_feature,
          hangedman_minor_gate_pass
D:8:      layout_basic, serial_curves, eino_curves_01, eino_curves_04,
          eino_curves_03, eino_curves_02, chequers_ossuary_entry_cave
D:9:      layout_gridville, due_lair_maze_entry_diamond,
          minmay_orc_entry_temple_small, uniq_harold
Temple:   regret_index_temple_waves
Lair:1:   layout_cave_shapes, serial_bayou_shore_a, infiniplex_staircase_pool,
          grunt_megastairs_4, serial_bayou_shore_b
Lair:2:   layout_regular_city, dummy_snake_entry

Skill      XL: |  1  2  3  4  5  6  7  8  9 10 |
---------------+-------------------------------+-----
Dodging        | 5 6 7 9 10 12 15 18 21 | 21.8
Fighting       | |  2.4
Short Blades   | |  3.2
Stealth        | |  3.0

Action                   |  1- 3 |  4- 6 |  7- 9 | 10-12 || total
-------------------------+-------+-------+-------+-------++-------
Melee: Short sword       |    98 |       |       |       ||    98
       Dagger            |   113 |   278 |   459 |   470 ||  1320
       Rapier            |       |       |       |    85 ||    85
Throw: Dart              |       |     4 |       |       ||     4
Invok: Wall of Briars    |       |       |     6 |       ||     6
       Grow Ballistomyce |       |       |       |     4 ||     4
 Abil: Evoke Blink       |       |       |       |     9 ||     9
Evoke: Wand              |       |       |       |     8 ||     8
  Use: Scroll            |       |     8 |    13 |     1 ||    22
       Potion            |       |       |       |     1 ||     1
 Stab: Sleeping          |     9 |    12 |     5 |     2 ||    28
       Invisible         |       |     2 |       |       ||     2
       Distracted        |       |     1 |       |     2 ||     3
       Confused          |       |       |       |     3 ||     3
       Paralysed         |       |       |       |     3 ||     3
Armor: Robe              |    11 |     8 |    17 |    15 ||    51
Dodge: Dodged            |   172 |   249 |   707 |   873 ||  2001

Table legend: (Time is in decaauts)
 A = Elapsed time spent in this place.
 B = Non-inter-level travel time spent in this place.
 C = Inter-level travel time spent in this place.
 D = Time resting spent in this place.
 E = Time spent auto-exploring this place.
 F = Levels seen in this place.
 G = Mean time per level.
                   A        B        C        D        E       F      G
               +--------+--------+--------+--------+--------+-----+--------+
         Total |  14354 |  13784 |    570 |   4548 |   5946 |  12 | 1196.2 |
       Dungeon |  13321 |  12812 |    509 |   4312 |   5538 |   9 | 1480.1 |
        Temple |    137 |     77 |     60 |      0 |     66 |   1 |  137.0 |
          Lair |    895 |    895 |      0 |    236 |    341 |   2 |  447.5 |
               +--------+--------+--------+--------+--------+-----+--------+

Top non-repeatable levels by time:
     D:9: 1994 daAuts
     D:8: 1943 daAuts
     D:1: 1773 daAuts
     D:7: 1506 daAuts
     D:2: 1454 daAuts
     D:5: 1370 daAuts
     D:4: 1240 daAuts
     D:3: 1070 daAuts
     D:6: 967 daAuts
  Lair:1: 744 daAuts
  Lair:2: 150 daAuts
  Temple: 137 daAuts
